 Dungeon Crawl Stone Soup version 0.20-a0-472-g5c05303 (webtiles) character file.

10 Amnesiac the Vexing (level 2, 0/19 HPs)
             Began as a Vampire Enchanter on Jan 14, 2017.
             Slain by a river rat (6 damage)
             ... in a sewer.
             The game lasted 00:01:38 (457 turns).

Amnesiac the Vexing (Vampire Enchanter)              Turns: 457, Time: 00:01:39

Health: 0/19       AC:  3    Str:  7    XL:     2   Next: 10%
Magic:  1/5        EV: 13    Int: 17    God:
Gold:   72         SH:  0    Dex: 20    Spells: 2/5 levels left

rFire  . . .     SeeInvis +     a - +1 dagger
rCold  . . .     Gourm    .     b - +1 robe
rNeg   + . .     Faith    .     (no shield)
rPois  .         Spirit   .     (no helmet)
rElec  .         Reflect  .     (no cloak)
rCorr  .         Harm     .     (no gloves)
MR     .....                    (no boots)
Stlth  +++.......               (no amulet)
                                (no ring)
                                e - +6 ring of dexterity

@: no status effects
A: fangs 3, see invisible, unbreathing
a: no special abilities


You were in a sewer.
You were not thirsty.

You visited 1 branch of the dungeon, and saw 3 of its levels.
You also visited: Sewer.

You collected 72 gold pieces.

Inventory:

Hand Weapons
 a - a +1 dagger (weapon)
Armour
 b - a +1 robe (worn)
Jewellery
 e - a +6 ring of dexterity (left hand)
Scrolls
 g - a scroll of enchant armour
Potions
 d - 4 potions of blood
 f - a potion of mutation {unknown}
 k - a potion of brilliance
Books
 c - a book of Maledictions

   Spells                             Type                      Level
   a - Corona                         Hexes                        1
   b - Ensorcelled Hibernation        Hexes/Ice                    2
   c - Confuse                        Hexes                        3
   d - Tukima's Dance                 Hexes                        3
   e - Dazzling Spray                 Conjuration/Hexes            3


   Skills:
 + Level 1.7 Short Blades
 + Level 2.3 Dodging
 + Level 4.4 Stealth
 + Level 2.0 Spellcasting
 * Level 4.8 Hexes


You had 2 spell levels left.
You knew the following spells:

 Your Spells              Type           Power        Failure   Level  Hunger
f - Corona                Hex            ###....      2%          1    #......
z - Ensorcelled Hibernat  Hex/Ice        #.....       14%         2    ###....


Dungeon Overview and Level Annotations

Branches:
Dungeon (3/15)

Altars:
Trog

Annotations:
D:3 exclusion: adder


Innate Abilities, Weirdness & Mutations

You have razor-sharp teeth.
You have supernaturally acute eyesight. (SInv)
You can survive without breathing.


Message History

Aim: a river rat (chance to defeat MR: 50%)
The river rat resists with some effort.
The river rat barely misses you.
As you read the scroll labeled TUASEX JOVEOR, it crumbles to dust.
It is a scroll of enchant armour.
Your +0 robe glows green for a moment.
The river rat barely misses you.
As you read the scroll labeled AMU KE BAADE, it crumbles to dust.
You feel blessed for a moment.
It was a scroll of remove curse.
The river rat bites you but does no damage.
There are no items here.
As you read the scroll labeled AWUBUL OSTRERE, it crumbles to dust.
The creatures around you are filled with an inner flame!
It was a scroll of immolation.
The river rat bites you!
As you read the scroll labeled PARUPSIYJE, it crumbles to dust.
Your +1 dagger glows dark orange for a moment.
It was a scroll of random uselessness.
The river rat bites you.
As you read the scroll labeled GOELAGI ERPHA, it crumbles to dust.
It is a scroll of identify.
k - a potion of brilliance The river rat bites you.
You die...

##### #@rr## ##### r##
###..#####..∩# ...##
##..##...### #.
.....##.......## #...
...............##.....
......................
.......rr.............
≈........†..≈≈.≈..≈..≈
≈.≈.≈......≈≈≈≈≈≈≈≈≈≈≈


You could see 2 river rats.

Vanquished Creatures
  3 ball pythons (Sewer)
  A hobgoblin (D:3)
  A frilled lizard (D:1)
  6 rats
11 creatures vanquished.

Notes
Turn   | Place    | Note
-------+----------+-------------------------------------------
     0 | D:1      | Amnesiac the Vampire Enchanter began the quest for the Orb.
     0 | D:1      | Reached XP level 1. HP: 13/13 MP: 3/3
   159 | D:2      | Found a bloodstained altar of Trog.
   348 | D:3      | Found a glowing drain.
   353 | Sewer    | Entered a sewer
   434 | Sewer    | Reached XP level 2. HP: 18/19 MP: 3/5
   452 | Sewer    | Learned a level 2 spell: Ensorcelled Hibernation
   457 | Sewer    | Slain by a river rat

Vault maps used:
D:1:      saegor_arrival_simple_e, grunt_decor_one_mirror, minmay_heptomino_w4
D:2:      fedhas_altar_fruit_tree, nicolae_overflow_crystal_walls
D:3:      lemuel_round_altar, nicolae_ru_the_path_less_chosen,
          lemuel_coloured_pillars_altar, lightli_sewer_entry_pipes,
          serial_glass, glass_columns_a, glass_columns_c, uniq_robin
Sewer:    sewer_minmay_treatment

Action                   || total
-------------------------++-------
Melee: Dagger            ||    18
       Bite              ||     2
 Cast: Corona            ||     6
       Ensorcelled Hiber ||     1
  Use: Scroll            ||     5
 Stab: Sleeping          ||     3
Armor: Robe              ||     2
Dodge: Dodged            ||    12
